 Dungeon Crawl Stone Soup version 0.24.0-13-gcf9b3192b9 (webtiles) character file.

Game seed: 3626348513715669141, levelgen mode: deterministic

114 Metae the Skirmisher (level 4, -4/44 HPs)
             Began as a Minotaur Monk on Nov 7, 2019.
             Killed from afar by Ijyb (15 damage)
             ... with a bolt of acid
             ... on level 3 of the Dungeon on Nov 8, 2019.
             The game lasted 00:10:26 (1128 turns).

Metae the Skirmisher (Minotaur Monk)                Turns: 1128, Time: 00:10:26

Health: -4/44      AC:  6    Str: 16    XL:     4   Next: 67%
Magic:  3/3        EV: 11    Int:  7    God:
Gold:   123        SH:  0    Dex: 13    Spells: 3/3 levels left

rFire    . . .     SeeInvis .   i - +0 mace (crush)
rCold    . . .     Gourm    .   (no shield)
rNeg     . . .     Faith    .   e - +0 scale mail
rPois    .         Spirit   .   (helmet restricted)
rElec    .         Reflect  .   (no cloak)
rCorr    .         Harm     .   (no gloves)
MR       .....                  (no boots)
Stlth    ..........             (no amulet)
HPRegen  0.14/turn              (no ring)
MPRegen  0.08/turn              (no ring)

@: no status effects
A: retaliatory headbutt, horns 2
a: no special abilities


You were on level 3 of the Dungeon.
You were not hungry.

You visited 1 branch of the dungeon, and saw 4 of its levels.

You collected 123 gold pieces.

Inventory:

Hand Weapons
 a - a +0 falchion
 i - a +0 mace of crushing (weapon)
 j - a +0 morningstar
Armour
 b - a +0 robe
 e - a +0 scale mail (worn)
Magical Staves
 h - an uncursed staff of poison
Scrolls
 d - 2 scrolls of identify
Potions
 g - a potion of degeneration
Comestibles
 c - 3 rations


   Skills:
 + Level 5.9 Fighting
 - Level 3.7 Long Blades
 - Level 2.3 Staves
 - Level 3.4 Dodging
 - Level 1.5 Stealth


You had 3 spell levels left.
You didn't know any spells.
Your spell library was empty.

Dungeon Overview and Level Annotations

Branches:
Dungeon (4/15)
 Temple: D:4-7

Altars:
Vehumet
The Shining One

Shops:
D:4 :

Annotations:
D:3 Ijyb


Innate Abilities, Weirdness & Mutations

You reflexively headbutt those who attack you in melee.
You have a pair of horns on your head.


Message History

i - a +0 mace of crushing (weapon)
A kobold comes into view.
Okay, then.
That item cannot be evoked!
The kobold shouts!
Ijyb the Twisted Goblin comes into view.
She is wielding a +0 dagger and carrying a wand of acid (11).
Ijyb shouts!
Ijyb zaps a wand.
The bolt of acid misses you.
You hit the kobold.
You kill the kobold!
Ijyb zaps a wand.
The bolt of acid hits you! The acid corrodes you!
You are splashed with acid!
* * * LOW HITPOINT WARNING * * *
You see here a potion of curing.
Things that are here:
a +0 dagger; a +0 robe; an orc corpse You are no longer corroded.
All of the chunks of flesh in your inventory have rotted away.
Ijyb zaps a wand.
The bolt of acid hits you!
You die...

#########
.g......##########
######g....... ..#
#.####### #.# #)# ###@#
# ######.####
#..#.......
..........####.#.####...
......................
####.......g.[.#.#####
#.....#######.# #.....#
.# #.....# .# ..#.....#
.#


You could see Ijyb.

Vanquished Creatures
  An orc wizard (D:3)
  A worker ant (D:4)
  2 adders
  A worm (D:2)
  2 dart slugs
  A leopard gecko (D:1)
  3 orcs (D:3)
  2 giant cockroaches (D:1)
  5 goblins
  3 hobgoblins
  4 jackals (D:1)
  4 kobolds
  A ball python (D:1)
  A bat (D:3)
  3 frilled lizards
  4 rats (D:1)
38 creatures vanquished.

Notes
Turn   | Place    | Note
-------+----------+-------------------------------------------
     0 | D:1      | Metae the Minotaur Monk began the quest for the Orb.
     0 | D:1      | Reached XP level 1. HP: 19/19 MP: 0/0
    77 | D:1      | Reached skill level 4 in Fighting
    85 | D:1      | Reached XP level 2. HP: 20/27 MP: 1/1
   580 | D:1      | Reached XP level 3. HP: 18/35 MP: 2/2
   700 | D:2      | Reached skill level 5 in Fighting
   947 | D:2      | You fall into a shaft and drop 2 floors!
   961 | D:4      | Reached skill level 1 in Staves
   962 | D:4      | Noticed an ogre
   965 | D:4      | Found Teozot's Book Boutique.
   981 | D:3      | Found a radiant altar of Vehumet.
   984 | D:3      | Found a glowing golden altar of the Shining One.
   991 | D:3      | Reached XP level 4. HP: 34/42 MP: 3/3
  1103 | D:3      | Noticed Ijyb
  1128 | D:3      | Killed from afar by Ijyb

Levels and vault maps discovered:
D:1:      dpeg_arrival_rhombus, layout_basic
D:2:      layout_rooms, serial_park_tiny_2
D:3:      layout_loops_ring, lemuel_round_altar,
          chequers_temple_overflow_statue_of_worship, fedhas_altar_1, uniq_ijyb
D:4:      layout_rooms, makhleb_heckhound_becter, serial_shops,
          nicolae_shop_overgrown_old_shop, nicolae_shop_crystal,
          nicolae_shop_statue_plus, shop, hangedman_decor_riveting,
          hangedman_abyss_or_decor_passed

Skill      XL: |  1  2  3  4 |
---------------+-------------+-----
Fighting       | 4 5 |  5.9
Staves         | 1 2 |  2.3
Long Blades    | |  3.7
Dodging        | |  3.4
Stealth        | |  1.5

Action                   |  1- 3 |  4- 6 || total
-------------------------+-------+-------++-------
Melee: Falchion          |    52 |    10 ||    62
       Headbutt          |    10 |     4 ||    14
       Staff             |    20 |    36 ||    56
       Mace              |       |     1 ||     1
  Use: Scroll            |     4 |       ||     4
       Potion            |       |     1 ||     1
  Eat: Chunk             |       |     1 ||     1
Armor: Robe              |     1 |       ||     1
       Scale mail        |    23 |    16 ||    39
Dodge: Dodged            |    54 |    16 ||    70
       Rpst.: Falchion   |     8 |     2 ||    10
